Canucks vs MapleLeafs

Created - April 7 2011 at 18:23

Goals
1 2 3 T
Canucks 0 1 0 1
MapleLeafs 0 4 1 5
Shots
1 2 3 T
Canucks 8 12 12 32
MapleLeafs 13 19 15 47

Period #1

No Goal

Penalties :
David Backes (VAN) for Holding (Minor) at 3:24, Vernon Fiddler (TOR) for Tripping (Minor) at 5:57, Mike Komisarek (VAN) for High sticking (Minor) at 8:47, Matt Greene (TOR) for Tripping (Minor) at 16:00, Corey Perry (VAN) for Hooking (Minor) at 19:03

Period #2

1. MapleLeafs , Mike Grier 8 (Matt Greene, Shaone Morrisonn) at 6:29
2. Canucks , Dmitry Kulikov 2 (Loui Eriksson, Duncan Keith) at 7:26
3. MapleLeafs , Jordin Tootoo 4 (Mike Grier, Kyle Cumiskey) at 10:15
4. MapleLeafs , Shaone Morrisonn 7 (Jason Arnott) at 11:55 (PP)
5. MapleLeafs , Vernon Fiddler 6 (Mike Modano, Matt Greene) at 16:20

Penalties :
Jordin Tootoo (TOR) for Holding (Minor) at 1:25, Tomas Holmstrom (VAN) for Tripping (Minor) at 4:18, Jason Arnott (TOR) for Interference (Minor) at 7:45, Vernon Fiddler (TOR) for Cross-checking (Minor) at 7:56, Tomas Holmstrom (VAN) for Holding (Minor) at 11:21, Radek Martinek (TOR) for High sticking (Minor) at 12:36, Joe Thornton (VAN) for Holding (Minor) at 12:43, Mike Modano (TOR) for Slashing (Minor) at 19:44

Period #3

6. MapleLeafs , Marian Hossa 37 (Drew Doughty, Patrick Marleau) at 13:29 (PP)

Penalties :
Vernon Fiddler (TOR) for Hooking (Minor) at 2:47, Jordin Tootoo (TOR) for Interference (Minor) at 7:28, Loui Eriksson (VAN) for Cross-checking (Minor) at 10:48, Fedor Tyutin (VAN) for Hooking (Minor) at 13:23, Corey Perry (VAN) for Hooking (Minor) at 18:11

Goalie Stats

Henrik Lundqvist (VAN), 42 saves from 47 shots - (0.894), L, 24-17-4, 60:00 minutes
Ryan Miller (TOR), 31 saves from 32 shots - (0.969), W, 41-25-6, 60:00 minutes

Players Stats

Canucks
Player Name              G  A  P  +/- PIM S  H  SB FO    MP 
------------------------------------------------------------
Brandon Sutter           0  0  0  -2  0   1  0  0  11/26 18 
Brooks Laich             0  0  0   0  0   2  0  0  0/3   17 
Corey Perry              0  0  0   0  4   3  1  0  0/1   18 
David Backes             0  0  0   0  2   1  0  0  0/1   18 
Dmitry Kulikov           1  0  1   0  0   3  0  0  0/0   21 
Duncan Keith             0  1  1   0  0   4  4  1  0/0   21 
Erik Karlsson            0  0  0  -1  0   0  0  0  0/0   18 
Fedor Tyutin             0  0  0  -1  2   0  1  0  0/0   21 
Ian White                0  0  0   0  0   0  0  0  0/0   0  
Jay McClement            0  0  0   1  0   0  1  0  10/20 9  
Joe Thornton             0  0  0   0  2   5  2  0  12/26 19 
Kyle Okposo              0  0  0   0  0   0  0  0  0/3   6  
Loui Eriksson            0  1  1   0  2   5  0  0  0/1   18 
Matthew Carle            0  0  0   0  0   0  1  2  0/0   23 
Mike Komisarek           0  0  0  -2  2   0  3  2  0/0   15 
Phil Kessel              0  0  0  -1  0   4  0  0  4/15  14 
Tomas Holmstrom          0  0  0  -2  4   4  2  0  1/2   12 
Valtteri Filppula        0  0  0  -2  0   0  2  0  1/1   17 
MapleLeafs
Player Name              G  A  P  +/- PIM S  H  SB FO    MP 
------------------------------------------------------------
Anton Volchenkov         0  0  0   0  0   1  0  1  0/0   19 
Drew Doughty             0  1  1  -1  0   2  3  1  0/0   25 
Evgeni Malkin            0  0  0   0  0   6  1  0  1/1   17 
Jason Arnott             0  1  1   0  2   3  0  0  15/28 17 
John Mitchell            0  0  0   2  0   0  1  0  3/7   12 
Jordin Tootoo            1  0  1   3  4   1  1  0  0/0   12 
Kris Versteeg            0  0  0  -1  0   2  1  0  1/2   17 
Kyle Cumiskey            0  1  1   1  0   3  0  0  0/0   20 
Marian Hossa             1  0  1   0  0   11 0  0  0/1   16 
Matt Greene              0  2  2   3  2   2  0  1  0/0   14 
Mike Grier               1  1  2   2  0   3  1  0  2/2   12 
Mike Modano              0  1  1   1  2   2  0  0  0/0   13 
Patrick Marleau          0  1  1  -1  0   2  0  1  2/4   20 
Radek Martinek           0  0  0   0  2   1  0  1  0/0   16 
Shaone Morrisonn         1  1  2   1  0   4  0  1  0/0   19 
Travis Moen              0  0  0   0  0   0  0  1  7/10  7  
Vernon Fiddler           1  0  1   1  6   2  1  0  12/16 10 
Vincent Lecavalier       0  0  0  -1  0   2  1  0  17/28 18 

3 Stars

1 - Mike Grier (TOR)
2 - Ryan Miller (TOR)
3 - Shaone Morrisonn (TOR)

Power Play

Canucks - 0 on 9 Attempt(s) - 0.00%
MapleLeafs - 2 on 9 Attempt(s) - 22.22%

Penalty Kill

Canucks - 7 on 9 Attempt(s) - 77.78% - Score 0 goal in Penalty Kill
MapleLeafs - 9 on 9 Attempt(s) - 100.00% - Score 0 goal in Penalty Kill

Game Notes

No Game Note

Finance

Level 1 -- Attendance: 6500 (100.00%) -- Ticket Income $533,000.00
Level 2 -- Attendance: 4948 (98.96%) -- Ticket Income $207,816.00
Level 3 -- Attendance: 3500 (100.00%) -- Ticket Income $101,500.00
Level 4 -- Attendance: 2819 (100.00%) -- Ticket Income $39,466.00
Luxury Box -- Attendance: 1000 (100.00%) -- Ticket Income $190,000.00
Game was played at the Air Canada Center
Total Attendance: 18767 (99.72%)
Total Ticket Income: $1,160,128.00
Other Income: $200,169.30
Total Income: $1,360,297.00


Play by Play

Period #1

0:01 of 1st period - Joe Thornton wins face-off versus Vincent Lecavalier in neutral zone.
0:04 of 1st period - Shot by Corey Perry.
0:04 of 1st period - Shot Misses the Net.
1:29 of 1st period - Icing by Matthew Carle.
1:30 of 1st period - Vernon Fiddler wins face-off versus Corey Perry in Canucks zone.
1:55 of 1st period - Shot by Matt Greene.
1:55 of 1st period - Stopped by Henrik Lundqvist without a rebound.
1:56 of 1st period - Vincent Lecavalier wins face-off versus Phil Kessel in Canucks zone.
2:00 of 1st period - Patrick Marleau is hit by Duncan Keith and loses puck.
2:13 of 1st period - Shot by Vincent Lecavalier.
2:13 of 1st period - Stopped by Henrik Lundqvist with a rebound.
2:15 of 1st period - Shot by Anton Volchenkov.
2:15 of 1st period - Stopped by Henrik Lundqvist without a rebound.
2:16 of 1st period - Brandon Sutter wins face-off versus John Mitchell in Canucks zone.
2:16 of 1st period - Dmitry Kulikov is hit by John Mitchell and loses puck.
2:29 of 1st period - Shot by Matt Greene.
2:29 of 1st period - Stopped by Henrik Lundqvist without a rebound.
2:30 of 1st period - Jason Arnott wins face-off versus Jay McClement in Canucks zone.
2:30 of 1st period - Marian Hossa is hit by Duncan Keith.
2:32 of 1st period - Shot by Jason Arnott.
2:32 of 1st period - Stopped by Henrik Lundqvist with a rebound.
2:34 of 1st period - Shot by Radek Martinek.
2:34 of 1st period - Stopped by Henrik Lundqvist without a rebound.
2:35 of 1st period - Phil Kessel wins face-off versus Jason Arnott in Canucks zone.
3:19 of 1st period - Icing by Loui Eriksson.
3:20 of 1st period - Vernon Fiddler wins face-off versus Phil Kessel in Canucks zone.
3:20 of 1st period - Shaone Morrisonn is hit by Duncan Keith and loses puck.
3:24 of 1st period - Minor Penalty to David Backes for Holding.
3:25 of 1st period - Vincent Lecavalier wins face-off versus Brandon Sutter in Canucks zone.
3:38 of 1st period - Shot by Evgeni Malkin.
3:38 of 1st period - Shot Misses the Net.
3:40 of 1st period - Shot by Drew Doughty.
3:40 of 1st period - Shot Misses the Net.
3:43 of 1st period - Vincent Lecavalier is hit by Mike Komisarek.
3:49 of 1st period - Shot by Evgeni Malkin.
3:49 of 1st period - Deflect By Patrick Marleau.
3:49 of 1st period - Shot Misses the Net.
3:51 of 1st period - Shot by Marian Hossa.
3:51 of 1st period - Deflect By Evgeni Malkin.
3:51 of 1st period - Stopped by Henrik Lundqvist without a rebound.
3:52 of 1st period - Jay McClement wins face-off versus Jason Arnott in Canucks zone.
5:34 of 1st period - Shot by Loui Eriksson.
5:34 of 1st period - Shot Hit the Post.
5:57 of 1st period - Minor Penalty to Vernon Fiddler for Tripping.
5:58 of 1st period - Jason Arnott wins face-off versus Phil Kessel in MapleLeafs zone.
6:11 of 1st period - Shot by Brooks Laich.
6:11 of 1st period - Deflect By Phil Kessel.
6:11 of 1st period - Shot Misses the Net.
6:13 of 1st period - Shot by David Backes.
6:13 of 1st period - Shot Misses the Net.
6:44 of 1st period - Off-side.
6:45 of 1st period - Travis Moen wins face-off versus Joe Thornton in neutral zone.
6:58 of 1st period - Shot by Loui Eriksson.
6:58 of 1st period - Stopped by Ryan Miller without a rebound.
6:59 of 1st period - Travis Moen wins face-off versus Joe Thornton in MapleLeafs zone.
7:18 of 1st period - Shot by Joe Thornton.
7:18 of 1st period - Stopped by Ryan Miller without a rebound.
7:19 of 1st period - Travis Moen wins face-off versus Phil Kessel in MapleLeafs zone.
8:01 of 1st period - Off-side.
8:02 of 1st period - Brandon Sutter wins face-off versus John Mitchell in neutral zone.
8:07 of 1st period - Icing by Kyle Cumiskey.
8:08 of 1st period - John Mitchell wins face-off versus Brandon Sutter in MapleLeafs zone.
8:08 of 1st period - John Mitchell is hit by Tomas Holmstrom.
8:24 of 1st period - John Mitchell is hit by Mike Komisarek and loses puck.
8:39 of 1st period - Shot by Brandon Sutter.
8:39 of 1st period - Shot Misses the Net.
8:45 of 1st period - Tomas Holmstrom is hit by Mike Grier and loses puck.
8:47 of 1st period - Minor Penalty to Mike Komisarek for High sticking.
8:48 of 1st period - Jay McClement wins face-off versus Vincent Lecavalier in Canucks zone.
9:12 of 1st period - Shot by Marian Hossa.
9:12 of 1st period - Stopped by Henrik Lundqvist without a rebound.
9:13 of 1st period - Brandon Sutter wins face-off versus Jason Arnott in Canucks zone.
10:02 of 1st period - Shot by Marian Hossa.
10:02 of 1st period - Stopped by Henrik Lundqvist without a rebound.
10:03 of 1st period - Vincent Lecavalier wins face-off versus Kyle Okposo in Canucks zone.
10:10 of 1st period - Shot by Patrick Marleau.
10:10 of 1st period - Shot Misses the Net.
10:12 of 1st period - Shot by Marian Hossa.
10:12 of 1st period - Stopped by Henrik Lundqvist without a rebound.
10:13 of 1st period - Jay McClement wins face-off versus Vincent Lecavalier in Canucks zone.
11:14 of 1st period - Shot by Phil Kessel.
11:14 of 1st period - Stopped by Ryan Miller without a rebound.
11:15 of 1st period - Vincent Lecavalier wins face-off versus Joe Thornton in MapleLeafs zone.
12:09 of 1st period - Shot by Mike Modano.
12:09 of 1st period - Stopped by Henrik Lundqvist without a rebound.
12:10 of 1st period - Jay McClement wins face-off versus Jason Arnott in Canucks zone.
12:30 of 1st period - Shot by Loui Eriksson.
12:30 of 1st period - Shot Misses the Net.
12:32 of 1st period - Shot by Duncan Keith.
12:32 of 1st period - Stopped by Ryan Miller with a rebound.
12:34 of 1st period - Shot by Duncan Keith.
12:34 of 1st period - Shot Blocked by Radek Martinek.
12:36 of 1st period - Shot by Duncan Keith.
12:36 of 1st period - Shot Misses the Net.
12:40 of 1st period - Shot by Loui Eriksson.
12:40 of 1st period - Shot Misses the Net.
12:44 of 1st period - Shot by Loui Eriksson.
12:44 of 1st period - Stopped by Ryan Miller without a rebound.
12:45 of 1st period - Vernon Fiddler wins face-off versus Brandon Sutter in MapleLeafs zone.
13:00 of 1st period - Shot by Tomas Holmstrom.
13:00 of 1st period - Stopped by Ryan Miller without a rebound.
13:01 of 1st period - Phil Kessel wins face-off versus Vincent Lecavalier in MapleLeafs zone.
13:34 of 1st period - Shot by Patrick Marleau.
13:34 of 1st period - Stopped by Henrik Lundqvist without a rebound.
13:35 of 1st period - Vernon Fiddler wins face-off versus Joe Thornton in Canucks zone.
13:38 of 1st period - Shot by Vernon Fiddler.
13:38 of 1st period - Stopped by Henrik Lundqvist without a rebound.
13:39 of 1st period - Vernon Fiddler wins face-off versus Joe Thornton in Canucks zone.
13:59 of 1st period - Shot by Matt Greene.
13:59 of 1st period - Shot Misses the Net.
14:08 of 1st period - Icing by Matthew Carle.
14:09 of 1st period - Joe Thornton wins face-off versus Jason Arnott in Canucks zone.
14:26 of 1st period - Radek Martinek is hit by Corey Perry and loses puck.
14:52 of 1st period - Icing by Tomas Holmstrom.
14:53 of 1st period - Brandon Sutter wins face-off versus Vincent Lecavalier in Canucks zone.
16:00 of 1st period - Minor Penalty to Matt Greene for Tripping.
16:01 of 1st period - Travis Moen wins face-off versus Joe Thornton in MapleLeafs zone.
16:09 of 1st period - Icing by Loui Eriksson.
16:10 of 1st period - Joe Thornton wins face-off versus Vernon Fiddler in Canucks zone.
17:58 of 1st period - Shot by Duncan Keith.
17:58 of 1st period - Stopped by Ryan Miller with a rebound.
18:00 of 1st period - Shot by Erik Karlsson.
18:00 of 1st period - Shot Misses the Net.
18:02 of 1st period - Shot by Tomas Holmstrom.
18:02 of 1st period - Shot Misses the Net.
18:06 of 1st period - Shot by Brandon Sutter.
18:06 of 1st period - Stopped by Ryan Miller without a rebound.
18:07 of 1st period - Brandon Sutter wins face-off versus Marian Hossa in MapleLeafs zone.
18:18 of 1st period - Shot by Valtteri Filppula.
18:18 of 1st period - Shot Misses the Net.
18:44 of 1st period - Icing by Brandon Sutter.
18:45 of 1st period - Vincent Lecavalier wins face-off versus Brandon Sutter in Canucks zone.
19:03 of 1st period - Minor Penalty to Corey Perry for Hooking.
19:04 of 1st period - Jason Arnott wins face-off versus Jay McClement in Canucks zone.
19:04 of 1st period - Jason Arnott is hit by Fedor Tyutin.
19:24 of 1st period - Jason Arnott is hit by Matthew Carle and loses puck.

Period #2

0:01 of 2nd period - Vincent Lecavalier wins face-off versus Jay McClement in neutral zone.
0:01 of 2nd period - Vincent Lecavalier is hit by Jay McClement.
0:13 of 2nd period - Shot by Evgeni Malkin.
0:13 of 2nd period - Shot Misses the Net.
0:15 of 2nd period - Shot by Evgeni Malkin.
0:15 of 2nd period - Shot Misses the Net.
0:17 of 2nd period - Shot by Marian Hossa.
0:17 of 2nd period - Deflect By Evgeni Malkin.
0:17 of 2nd period - Stopped by Henrik Lundqvist with a rebound.
0:32 of 2nd period - Shot by Marian Hossa.
0:32 of 2nd period - Stopped by Henrik Lundqvist without a rebound.
0:33 of 2nd period - Brandon Sutter wins face-off versus Jason Arnott in Canucks zone.
0:33 of 2nd period - Brandon Sutter is hit by Kris Versteeg.
0:56 of 2nd period - Shot by Shaone Morrisonn.
0:56 of 2nd period - Stopped by Henrik Lundqvist without a rebound.
0:57 of 2nd period - Vincent Lecavalier wins face-off versus Jay McClement in Canucks zone.
1:25 of 2nd period - Minor Penalty to Jordin Tootoo for Holding.
1:26 of 2nd period - Vernon Fiddler wins face-off versus Joe Thornton in MapleLeafs zone.
2:25 of 2nd period - Shot by Phil Kessel.
2:25 of 2nd period - Deflect By David Backes.
2:25 of 2nd period - Shot Misses the Net.
2:27 of 2nd period - Shot by David Backes.
2:27 of 2nd period - Shot Misses the Net.
2:29 of 2nd period - Shot by Matthew Carle.
2:29 of 2nd period - Shot Misses the Net.
2:31 of 2nd period - Shot by Dmitry Kulikov.
2:31 of 2nd period - Stopped by Ryan Miller without a rebound.
2:32 of 2nd period - Vernon Fiddler wins face-off versus Phil Kessel in MapleLeafs zone.
2:55 of 2nd period - Shot by Phil Kessel.
2:55 of 2nd period - Stopped by Ryan Miller with a rebound.
2:59 of 2nd period - Shot by Dmitry Kulikov.
2:59 of 2nd period - Stopped by Ryan Miller without a rebound.
3:00 of 2nd period - Travis Moen wins face-off versus Loui Eriksson in MapleLeafs zone.
3:37 of 2nd period - Shot by Tomas Holmstrom.
3:37 of 2nd period - Stopped by Ryan Miller without a rebound.
3:38 of 2nd period - Joe Thornton wins face-off versus Kris Versteeg in MapleLeafs zone.
3:57 of 2nd period - Shot by Corey Perry.
3:57 of 2nd period - Stopped by Ryan Miller without a rebound.
3:58 of 2nd period - Jason Arnott wins face-off versus Brandon Sutter in MapleLeafs zone.
4:00 of 2nd period - Icing by Evgeni Malkin.
4:01 of 2nd period - Jason Arnott wins face-off versus Brandon Sutter in MapleLeafs zone.
4:01 of 2nd period - Jason Arnott is hit by Valtteri Filppula.
4:18 of 2nd period - Minor Penalty to Tomas Holmstrom for Tripping.
4:19 of 2nd period - Jason Arnott wins face-off versus Jay McClement in Canucks zone.
4:26 of 2nd period - Shot by Kyle Cumiskey.
4:26 of 2nd period - Shot Blocked by Matthew Carle.
6:23 of 2nd period - Shot by Mike Grier.
6:23 of 2nd period - Stopped by Henrik Lundqvist with a rebound.
6:25 of 2nd period - Shot by Matt Greene.
6:25 of 2nd period - Shot Misses the Net.
6:29 of 2nd period - Shot by Mike Grier.
6:29 of 2nd period - Goal by Mike Grier - Canucks : 0 - MapleLeafs : 1.
6:30 of 2nd period - John Mitchell wins face-off versus Brooks Laich in neutral zone.
6:50 of 2nd period - Shot by Joe Thornton.
6:50 of 2nd period - Stopped by Ryan Miller with a rebound.
6:52 of 2nd period - Shot by Joe Thornton.
6:52 of 2nd period - Stopped by Ryan Miller without a rebound.
6:53 of 2nd period - Vincent Lecavalier wins face-off versus Jay McClement in MapleLeafs zone.
7:13 of 2nd period - Loui Eriksson is hit by Drew Doughty and loses puck.
7:17 of 2nd period - Kyle Okposo is hit by Drew Doughty and loses puck.
7:26 of 2nd period - Shot by Dmitry Kulikov.
7:26 of 2nd period - Goal by Dmitry Kulikov - Canucks : 1 - MapleLeafs : 1.
7:27 of 2nd period - Joe Thornton wins face-off versus Jason Arnott in neutral zone.
7:45 of 2nd period - Minor Penalty to Jason Arnott for Interference.
7:46 of 2nd period - Vernon Fiddler wins face-off versus Joe Thornton in MapleLeafs zone.
7:56 of 2nd period - Minor Penalty to Vernon Fiddler for Cross-checking.
7:57 of 2nd period - Mike Grier wins face-off versus David Backes in MapleLeafs zone.
8:56 of 2nd period - Shot by Duncan Keith.
8:56 of 2nd period - Stopped by Ryan Miller without a rebound.
8:57 of 2nd period - Joe Thornton wins face-off versus Patrick Marleau in MapleLeafs zone.
9:39 of 2nd period - Icing by Brooks Laich.
9:40 of 2nd period - Mike Grier wins face-off versus Phil Kessel in Canucks zone.
10:15 of 2nd period - Shot by Mike Grier.
10:15 of 2nd period - Deflect By Jordin Tootoo.
10:15 of 2nd period - Goal by Jordin Tootoo - Canucks : 1 - MapleLeafs : 2.
10:16 of 2nd period - Jay McClement wins face-off versus Vincent Lecavalier in neutral zone.
10:35 of 2nd period - Shot by Kyle Okposo.
10:35 of 2nd period - Shot Blocked by Anton Volchenkov.
10:38 of 2nd period - Icing by Anton Volchenkov.
10:39 of 2nd period - Vincent Lecavalier wins face-off versus Brandon Sutter in MapleLeafs zone.
10:39 of 2nd period - Vincent Lecavalier is hit by Tomas Holmstrom.
11:03 of 2nd period - Mike Komisarek is hit by Vincent Lecavalier and loses puck.
11:21 of 2nd period - Minor Penalty to Tomas Holmstrom for Holding.
11:22 of 2nd period - Jay McClement wins face-off versus Jason Arnott in Canucks zone.
11:33 of 2nd period - Shot by Evgeni Malkin.
11:33 of 2nd period - Shot Blocked by Matthew Carle.
11:35 of 2nd period - Shot by Kyle Cumiskey.
11:35 of 2nd period - Stopped by Henrik Lundqvist without a rebound.
11:36 of 2nd period - Jason Arnott wins face-off versus Jay McClement in Canucks zone.
11:41 of 2nd period - Shot by Kris Versteeg.
11:41 of 2nd period - Shot Misses the Net.
11:43 of 2nd period - Shot by Shaone Morrisonn.
11:43 of 2nd period - Stopped by Henrik Lundqvist without a rebound.
11:44 of 2nd period - Patrick Marleau wins face-off versus Brandon Sutter in Canucks zone.
11:53 of 2nd period - Shot by Drew Doughty.
11:53 of 2nd period - Stopped by Henrik Lundqvist without a rebound.
11:54 of 2nd period - Jason Arnott wins face-off versus Jay McClement in Canucks zone.
11:55 of 2nd period - Shot by Shaone Morrisonn.
11:55 of 2nd period - Goal by Shaone Morrisonn - Canucks : 1 - MapleLeafs : 3.
11:56 of 2nd period - John Mitchell wins face-off versus Joe Thornton in neutral zone.
12:29 of 2nd period - Shot by Corey Perry.
12:29 of 2nd period - Stopped by Ryan Miller without a rebound.
12:30 of 2nd period - Jay McClement wins face-off versus Jason Arnott in MapleLeafs zone.
12:36 of 2nd period - Minor Penalty to Radek Martinek for High sticking.
12:37 of 2nd period - Travis Moen wins face-off versus Joe Thornton in MapleLeafs zone.
12:43 of 2nd period - Minor Penalty to Joe Thornton for Holding.
12:44 of 2nd period - Tomas Holmstrom wins face-off versus Vincent Lecavalier in Canucks zone.
12:46 of 2nd period - Icing by Brandon Sutter.
12:47 of 2nd period - Vincent Lecavalier wins face-off versus Brandon Sutter in Canucks zone.
12:55 of 2nd period - Shot by Marian Hossa.
12:55 of 2nd period - Stopped by Henrik Lundqvist without a rebound.
12:56 of 2nd period - Brandon Sutter wins face-off versus Patrick Marleau in Canucks zone.
13:08 of 2nd period - Shot by Evgeni Malkin.
13:08 of 2nd period - Stopped by Henrik Lundqvist without a rebound.
13:09 of 2nd period - Vincent Lecavalier wins face-off versus Brandon Sutter in Canucks zone.
14:01 of 2nd period - Shot by Evgeni Malkin.
14:01 of 2nd period - Stopped by Henrik Lundqvist without a rebound.
14:02 of 2nd period - Patrick Marleau wins face-off versus Kyle Okposo in Canucks zone.
15:09 of 2nd period - Shot by Joe Thornton.
15:09 of 2nd period - Stopped by Ryan Miller without a rebound.
15:10 of 2nd period - Jason Arnott wins face-off versus Phil Kessel in MapleLeafs zone.
15:29 of 2nd period - Shot by Marian Hossa.
15:29 of 2nd period - Shot Blocked by Duncan Keith.
15:31 of 2nd period - Shot by Marian Hossa.
15:31 of 2nd period - Stopped by Henrik Lundqvist without a rebound.
15:32 of 2nd period - Valtteri Filppula wins face-off versus Vincent Lecavalier in Canucks zone.
15:56 of 2nd period - Shot by Vincent Lecavalier.
15:56 of 2nd period - Shot Blocked by Mike Komisarek.
15:58 of 2nd period - Shot by Anton Volchenkov.
15:58 of 2nd period - Shot Blocked by Mike Komisarek.
16:00 of 2nd period - Shot by Anton Volchenkov.
16:00 of 2nd period - Shot Misses the Net.
16:04 of 2nd period - Shot by Patrick Marleau.
16:04 of 2nd period - Shot Misses the Net.
16:20 of 2nd period - Shot by Vernon Fiddler.
16:20 of 2nd period - Goal by Vernon Fiddler - Canucks : 1 - MapleLeafs : 4.
16:21 of 2nd period - Jason Arnott wins face-off versus Phil Kessel in neutral zone.
16:41 of 2nd period - Shot by Phil Kessel.
16:41 of 2nd period - Shot Misses the Net.
17:25 of 2nd period - Mike Modano is hit by Duncan Keith and loses puck.
17:47 of 2nd period - Icing by Drew Doughty.
17:48 of 2nd period - Vincent Lecavalier wins face-off versus Joe Thornton in MapleLeafs zone.
18:07 of 2nd period - Shot by Vincent Lecavalier.
18:07 of 2nd period - Stopped by Henrik Lundqvist with a rebound.
18:11 of 2nd period - Shot by Patrick Marleau.
18:11 of 2nd period - Shot Misses the Net.
18:13 of 2nd period - Shot by Drew Doughty.
18:13 of 2nd period - Stopped by Henrik Lundqvist without a rebound.
18:14 of 2nd period - Jason Arnott wins face-off versus Brandon Sutter in Canucks zone.
18:15 of 2nd period - Shot by Evgeni Malkin.
18:15 of 2nd period - Stopped by Henrik Lundqvist without a rebound.
18:16 of 2nd period - Brandon Sutter wins face-off versus Jason Arnott in Canucks zone.
18:43 of 2nd period - Shot by Evgeni Malkin.
18:43 of 2nd period - Shot Misses the Net.
18:47 of 2nd period - Shot by Evgeni Malkin.
18:47 of 2nd period - Stopped by Henrik Lundqvist without a rebound.
18:48 of 2nd period - Joe Thornton wins face-off versus Vernon Fiddler in Canucks zone.
18:55 of 2nd period - Shot by Brooks Laich.
18:55 of 2nd period - Shot Misses the Net.
18:59 of 2nd period - Shot by Joe Thornton.
18:59 of 2nd period - Stopped by Ryan Miller without a rebound.
19:00 of 2nd period - Vincent Lecavalier wins face-off versus Brooks Laich in MapleLeafs zone.
19:44 of 2nd period - Minor Penalty to Mike Modano for Slashing.
19:45 of 2nd period - Vernon Fiddler wins face-off versus Brandon Sutter in MapleLeafs zone.

Period #3

0:01 of 3rd period - Joe Thornton wins face-off versus Vernon Fiddler in neutral zone.
0:06 of 3rd period - Shot by Corey Perry.
0:06 of 3rd period - Stopped by Ryan Miller with a rebound.
0:08 of 3rd period - Shot by Duncan Keith.
0:08 of 3rd period - Stopped by Ryan Miller without a rebound.
0:09 of 3rd period - Phil Kessel wins face-off versus Travis Moen in MapleLeafs zone.
0:15 of 3rd period - Phil Kessel is hit by Drew Doughty and loses puck.
0:18 of 3rd period - Shot by Dmitry Kulikov.
0:18 of 3rd period - Shot Misses the Net.
0:22 of 3rd period - Shot by Brooks Laich.
0:22 of 3rd period - Stopped by Ryan Miller without a rebound.
0:23 of 3rd period - Joe Thornton wins face-off versus Vernon Fiddler in MapleLeafs zone.
1:23 of 3rd period - Drew Doughty is hit by Joe Thornton and loses puck.
1:51 of 3rd period - Icing by Kyle Cumiskey.
1:52 of 3rd period - Jason Arnott wins face-off versus Brandon Sutter in MapleLeafs zone.
2:10 of 3rd period - Shot by Tomas Holmstrom.
2:10 of 3rd period - Stopped by Ryan Miller without a rebound.
2:11 of 3rd period - Joe Thornton wins face-off versus Vincent Lecavalier in MapleLeafs zone.
2:39 of 3rd period - Shot by Kris Versteeg.
2:39 of 3rd period - Stopped by Henrik Lundqvist without a rebound.
2:40 of 3rd period - Vernon Fiddler wins face-off versus Brandon Sutter in Canucks zone.
2:40 of 3rd period - Shaone Morrisonn is hit by Mike Komisarek.
2:47 of 3rd period - Minor Penalty to Vernon Fiddler for Hooking.
2:48 of 3rd period - Travis Moen wins face-off versus Phil Kessel in MapleLeafs zone.
3:11 of 3rd period - Shot by Phil Kessel.
3:11 of 3rd period - Shot Misses the Net.
3:15 of 3rd period - Shot by Brooks Laich.
3:15 of 3rd period - Stopped by Ryan Miller with a rebound.
3:19 of 3rd period - Shot by Phil Kessel.
3:19 of 3rd period - Stopped by Ryan Miller with a rebound.
4:10 of 3rd period - Shot by Phil Kessel.
4:10 of 3rd period - Shot Misses the Net.
4:15 of 3rd period - Shot by David Backes.
4:15 of 3rd period - Stopped by Ryan Miller without a rebound.
4:16 of 3rd period - Brandon Sutter wins face-off versus Travis Moen in MapleLeafs zone.
4:35 of 3rd period - Shot by Erik Karlsson.
4:35 of 3rd period - Shot Blocked by Shaone Morrisonn.
4:37 of 3rd period - Shot by Brandon Sutter.
4:37 of 3rd period - Deflect By Loui Eriksson.
4:37 of 3rd period - Shot Misses the Net.
4:39 of 3rd period - Shot by Duncan Keith.
4:39 of 3rd period - Shot Misses the Net.
4:41 of 3rd period - Shot by Brandon Sutter.
4:41 of 3rd period - Shot Blocked by Travis Moen.
4:43 of 3rd period - Shot by Loui Eriksson.
4:43 of 3rd period - Stopped by Ryan Miller with a rebound.
4:45 of 3rd period - Shot by Loui Eriksson.
4:45 of 3rd period - Stopped by Ryan Miller without a rebound.
4:46 of 3rd period - Evgeni Malkin wins face-off versus Phil Kessel in MapleLeafs zone.
5:03 of 3rd period - Shot by Marian Hossa.
5:03 of 3rd period - Stopped by Henrik Lundqvist without a rebound.
5:04 of 3rd period - Vernon Fiddler wins face-off versus Brooks Laich in Canucks zone.
5:27 of 3rd period - Mike Modano is hit by Joe Thornton and loses puck.
5:34 of 3rd period - Matthew Carle is hit by Vernon Fiddler and loses puck.
6:13 of 3rd period - Shot by Brandon Sutter.
6:13 of 3rd period - Shot Blocked by Patrick Marleau.
6:18 of 3rd period - Drew Doughty is hit by Valtteri Filppula and loses puck.
7:28 of 3rd period - Minor Penalty to Jordin Tootoo for Interference.
7:29 of 3rd period - Joe Thornton wins face-off versus Travis Moen in MapleLeafs zone.
7:42 of 3rd period - Shot by Duncan Keith.
7:42 of 3rd period - Deflect By Joe Thornton.
7:42 of 3rd period - Shot Misses the Net.
9:28 of 3rd period - Brandon Sutter is hit by Jordin Tootoo and loses puck.
10:23 of 3rd period - Shot by Patrick Marleau.
10:23 of 3rd period - Stopped by Henrik Lundqvist without a rebound.
10:24 of 3rd period - Jay McClement wins face-off versus Jason Arnott in Canucks zone.
10:24 of 3rd period - Loui Eriksson is hit by Evgeni Malkin and loses puck.
10:39 of 3rd period - Shot by Marian Hossa.
10:39 of 3rd period - Stopped by Henrik Lundqvist with a rebound.
10:48 of 3rd period - Minor Penalty to Loui Eriksson for Cross-checking.
10:49 of 3rd period - Jay McClement wins face-off versus Vincent Lecavalier in Canucks zone.
12:42 of 3rd period - Shot by Kyle Cumiskey.
12:42 of 3rd period - Shot Misses the Net.
12:44 of 3rd period - Shot by Kris Versteeg.
12:44 of 3rd period - Stopped by Henrik Lundqvist without a rebound.
12:45 of 3rd period - Jason Arnott wins face-off versus Kyle Okposo in Canucks zone.
12:50 of 3rd period - Shot by Mike Grier.
12:50 of 3rd period - Stopped by Henrik Lundqvist with a rebound.
12:56 of 3rd period - Shot by Loui Eriksson.
12:56 of 3rd period - Stopped by Ryan Miller with a rebound.
13:00 of 3rd period - Shot by Phil Kessel.
13:00 of 3rd period - Stopped by Ryan Miller without a rebound.
13:01 of 3rd period - Joe Thornton wins face-off versus John Mitchell in MapleLeafs zone.
13:23 of 3rd period - Minor Penalty to Fedor Tyutin for Hooking.
13:24 of 3rd period - Vincent Lecavalier wins face-off versus Brandon Sutter in Canucks zone.
13:29 of 3rd period - Shot by Marian Hossa.
13:29 of 3rd period - Goal by Marian Hossa - Canucks : 1 - MapleLeafs : 5.
13:30 of 3rd period - Vincent Lecavalier wins face-off versus Phil Kessel in neutral zone.
13:57 of 3rd period - Shot by Vincent Lecavalier.
13:57 of 3rd period - Deflect By Patrick Marleau.
13:57 of 3rd period - Shot Misses the Net.
14:27 of 3rd period - Shot by Mike Modano.
14:27 of 3rd period - Stopped by Henrik Lundqvist without a rebound.
14:28 of 3rd period - Vernon Fiddler wins face-off versus Joe Thornton in Canucks zone.
14:39 of 3rd period - Shot by Vernon Fiddler.
14:39 of 3rd period - Shot Misses the Net.
15:29 of 3rd period - Shot by Marian Hossa.
15:29 of 3rd period - Stopped by Henrik Lundqvist with a rebound.
15:31 of 3rd period - Shot by Marian Hossa.
15:31 of 3rd period - Stopped by Henrik Lundqvist without a rebound.
15:32 of 3rd period - Vincent Lecavalier wins face-off versus Tomas Holmstrom in Canucks zone.
15:37 of 3rd period - Shot by Patrick Marleau.
15:37 of 3rd period - Shot Misses the Net.
15:45 of 3rd period - Shot by Valtteri Filppula.
15:45 of 3rd period - Shot Misses the Net.
15:50 of 3rd period - Shot by Valtteri Filppula.
15:50 of 3rd period - Shot Misses the Net.
15:58 of 3rd period - Shot by Tomas Holmstrom.
15:58 of 3rd period - Stopped by Ryan Miller without a rebound.
15:59 of 3rd period - Phil Kessel wins face-off versus John Mitchell in MapleLeafs zone.
16:20 of 3rd period - Shot by Loui Eriksson.
16:20 of 3rd period - Shot Blocked by Matt Greene.
17:37 of 3rd period - Icing by Jason Arnott.
17:38 of 3rd period - Jason Arnott wins face-off versus Joe Thornton in MapleLeafs zone.
17:42 of 3rd period - Off-side.
17:43 of 3rd period - Jason Arnott wins face-off versus Joe Thornton in neutral zone.
18:10 of 3rd period - Shot by Corey Perry.
18:10 of 3rd period - Shot Blocked by Drew Doughty.
18:11 of 3rd period - Minor Penalty to Corey Perry for Hooking.
18:12 of 3rd period - Kris Versteeg wins face-off versus Jay McClement in Canucks zone.
18:19 of 3rd period - Shot by Jason Arnott.
18:19 of 3rd period - Stopped by Henrik Lundqvist without a rebound.
18:20 of 3rd period - Brandon Sutter wins face-off versus Vincent Lecavalier in Canucks zone.
18:45 of 3rd period - Shot by Evgeni Malkin.
18:45 of 3rd period - Shot Misses the Net.
18:47 of 3rd period - Shot by Drew Doughty.
18:47 of 3rd period - Shot Misses the Net.
18:49 of 3rd period - Shot by Patrick Marleau.
18:49 of 3rd period - Deflect By Vincent Lecavalier.
18:49 of 3rd period - Shot Hit the Post.
19:00 of 3rd period - Icing by Kyle Cumiskey.
19:01 of 3rd period - Brandon Sutter wins face-off versus Jason Arnott in MapleLeafs zone.
19:12 of 3rd period - Shot by Shaone Morrisonn.
19:12 of 3rd period - Stopped by Henrik Lundqvist with a rebound.
19:14 of 3rd period - Shot by Kyle Cumiskey.
19:14 of 3rd period - Stopped by Henrik Lundqvist without a rebound.
19:15 of 3rd period - Jay McClement wins face-off versus Jason Arnott in Canucks zone.
19:36 of 3rd period - Shot by Kyle Cumiskey.
19:36 of 3rd period - Stopped by Henrik Lundqvist with a rebound.
19:40 of 3rd period - Shot by Mike Modano.
19:40 of 3rd period - Deflect By Jason Arnott.
19:40 of 3rd period - Stopped by Henrik Lundqvist without a rebound.
19:41 of 3rd period - Vincent Lecavalier wins face-off versus Jay McClement in Canucks zone.


Output by the SimonT Hockey Simulator (STHS) for Stephane Roy -- Original Page W3C XHTML 1.0 Valid